 Seeded DCSS version 0.24.0 (webtiles) character file.

Game seed: 84405591861, levelgen mode: deterministic

65 Kranky the Sneak (level 4, -3/37 HPs)
             Began as a Naga Venom Mage on Aug 13, 2020.
             Slain by an orc priest
             ... wielding a +0 flail
              (6 damage)
             ... on level 2 of the Dungeon.
             The game lasted 00:11:24 (2054 turns).

Kranky the Sneak (Naga Venom Mage)                  Turns: 2054, Time: 00:11:24

Health: -3/37      AC:  9    Str:  8    XL:     4   Next: 13%
Magic:  0/7        EV: 10    Int: 16    God:
Gold:   127        SH:  0    Dex: 12    Spells: 1/7 levels left

rFire    . . .     SeeInvis +   k - +0 dagger (protect)
rCold    . . .     Gourm    .   (no shield)
rNeg     . . .     Faith    .   a - +0 robe
rPois    +         Spirit   .   (no helmet)
rElec    .         Reflect  .   (no cloak)
rCorr    .         Harm     .   (no gloves)
MR       .....                  (no barding)
Stlth    +++.......             (no amulet)
HPRegen  0.12/turn              g - -2 ring of strength (curse)
MPRegen  0.10/turn              (no ring)

@: protection aura, very slow
A: large, see invisible, deformed body, poison resistance, slowness 2, slow
metabolism 1, spit poison 1, AC +1
a: Spit Poison


You were on level 2 of the Dungeon.
You were not hungry.

You visited 1 branch of the dungeon, and saw 2 of its levels.

You collected 127 gold pieces.

Inventory:

Hand Weapons
 k - a +0 dagger of protection (weapon)
Armour
 a - a +0 robe (worn)
Jewellery
 g - a cursed -2 ring of strength (left hand)
Scrolls
 d - 2 scrolls of identify {unknown}
 e - a scroll of blinking {unknown}
 f - 2 scrolls of immolation {unknown}
 i - 4 scrolls of enchant weapon {unknown}
 l - a scroll of teleportation {unknown}
Potions
 b - a potion of mutation {unknown}
 h - a potion of resistance {unknown}
 m - a potion of curing {unknown}
Comestibles
 c - 6 rations


   Skills:
 + Level 0.7 Fighting
 + Level 2.2 Dodging
 + Level 4.3 Stealth
 + Level 2.4 Spellcasting
 + Level 1.8 Conjurations
 - Level 4.0 Poison Magic


You had one spell level left.
You knew the following spells:

 Your Spells              Type           Power        Failure   Level  Hunger
a - Sting                 Conj/Pois      ##..         6%          1    #......
b - Poisonous Vapours     Pois/Air       #.....       13%         2    ###....
c - Mephitic Cloud        Conj/Pois/Air  #.......     26%         3    ###....

Your spell library contained the following spells:

 Spells                   Type           Power        Failure   Level  Hunger
 Olgreb's Toxic Radiance  Pois           ##......     36%         4    #####..
 Venom Bolt               Conj/Pois      ##........   86%         5    ######.


Dungeon Overview and Level Annotations

Branches:
Dungeon (2/15)

Altars:


Innate Abilities, Weirdness & Mutations

You cannot wear boots.
Your serpentine skin is tough. (AC +1)
You have supernaturally acute eyesight. (SInv)
Armour fits poorly on your strangely shaped body.
Your system is resistant to poisons. (rPois)
You cover ground very slowly.
You have a slow metabolism.
You can spit poison.


Message History

Press: ? - help, Dir - move target cursor, f - orc priest
Aim: an orc priest, wielding a +0 flail and wearing a +0 scale mail Poisonous vapours surround the orc priest!
The orc priest is engulfed in poison gas.
The orc priest is poisoned.
You closely miss the orc priest.
The orc priest is lightly wounded.
The orc priest barely misses you.
You completely miss the orc priest.
The orc priest is lightly wounded.
The orc priest mumbles some strange prayers to Beogh against you.
Pain shoots through your body!
* * * LOW HITPOINT WARNING * * *
You hit the orc priest but do no damage.
The orc priest is moderately wounded.
The orc priest looks braver for a moment.
You closely miss the orc priest.
The orc priest is moderately wounded.
The orc priest hits you with a +0 flail.
You die...

#.# ##...# ..####...#
#........# ######.... ##.##
######### #.# #.....>.# #.#
############.#####.# #.#
#.).....o@...# #.# #.#
#)#########..# ###.####.##
#...)o...###.# #..........
#...o.o...##.# #.#.####.##
#..........$#.###.#.###...#
..............⌠#.......##.....
###......o....$#.###.#####...#
#.#.........##.# #.# ##.##
#.#........###.###.######.#


You could see an orc priest.

Vanquished Creatures
  An adder (D:2)
  A dart slug (D:1)
  4 orcs (D:2)
  A giant cockroach (D:2)
  5 goblins
  7 hobgoblins
  4 jackals (D:2)
  6 bats
  3 frilled lizards
  6 kobolds
  12 rats
50 creatures vanquished.

Notes
Turn   | Place    | Note
-------+----------+-------------------------------------------
     0 | D:1      | Kranky the Naga Venom Mage began the quest for the Orb.
     0 | D:1      | Reached XP level 1. HP: 15/15 MP: 3/3
   397 | D:1      | Reached XP level 2. HP: 14/22 MP: 5/5
  1182 | D:1      | Reached XP level 3. HP: 23/28 MP: 6/6
  1492 | D:2      | Learned a level 2 spell: Poisonous Vapours
  1496 | D:2      | Learned a level 3 spell: Mephitic Cloud
  1945 | D:2      | Reached XP level 4. HP: 37/37 MP: 3/7
  2054 | D:2      | Slain by an orc priest

Levels and vault maps discovered:
D:1:      ebering_trefoil_3fold, layout_basic, serial_glass, glass_columns_a,
          glass_columns_b, minmay_rat_gold_closets
D:2:      cheibrodos_pilgrimage, layout_loops_corners, lemuel_crystal_altar,
          first_ration, bh_walls_and_bars
